 Dungeon Crawl Stone Soup version 0.26.1-11-gd32895ea62 (webtiles) character file.

Game seed: 8541480940424909659

81 Zeld the Chopper (level 4, 0/40 HPs)
             Began as a Hill Orc Monk on July 14, 2021.
             Killed by nerve-wracking pain
             ... invoked by Jessica
              (4 damage)
             ... on level 3 of the Dungeon.
             The game lasted 00:03:40 (3599 turns).

Zeld the Chopper (Hill Orc Monk)                    Turns: 3599, Time: 00:03:41

Health: 0/40       AC:  2    Str: 14    XL:     4   Next: 42%
Magic:  4/4        EV: 13    Int: 10    God:
Gold:   106        SH:  0    Dex: 13    Spells: 3/3 levels left

rFire    . . .     SeeInvis .   a - +0 hand axe
rCold    . . .     Faith    .   (no shield)
rNeg     . . .     Spirit   .   b - +0 robe
rPois    .         Reflect  .   (no helmet)
rElec    .         Harm     .   (no cloak)
rCorr    .         Rampage  .   (no gloves)
Will     .....                  (no boots)
Stlth    ++........             (no amulet)
HPRegen  0.13/turn              (no ring)
MPRegen  0.09/turn              (no ring)

@: slowed, very slow
A: no striking features
a: no special abilities


You were on level 3 of the Dungeon.
You visited 1 branch of the dungeon, and saw 3 of its levels.

You collected 106 gold pieces.

Inventory:

Hand Weapons
 a - a +0 hand axe (weapon)
Missiles
 h - 21 poisoned darts (quivered)
 p - 41 stones
Armour
 b - a +0 robe (worn)
Jewellery
 o - a cursed -4 ring of protection {unknown}
 q - an uncursed ring of wizardry {unknown}
Scrolls
 e - a scroll of identify {unknown}
 f - 3 scrolls of remove curse {unknown}
 j - a scroll of blinking {unknown}
 m - a scroll of enchant weapon {unknown}
 n - a scroll of enchant armour {unknown}
 r - a scroll of magic mapping {unknown}
 t - a scroll of teleportation {unknown}
Potions
 c - 2 potions of curing {unknown}
 d - a potion of lignification {unknown}
 g - a potion of haste {unknown}
 i - a potion of cancellation {unknown}
 k - a potion of ambrosia {unknown}
 l - a potion of degeneration {unknown}
 s - a potion of flight {unknown}
 u - a potion of might {unknown}


   Skills:
 + Level 4.0 Fighting
 * Level 5.0 Axes
 * Level 1.2 Throwing
 + Level 1.3 Armour
 + Level 2.7 Dodging
 + Level 2.0 Stealth


You had 3 spell levels left.
You didn't know any spells.
Your spell library was empty.

Dungeon Overview and Level Annotations

Branches:
Dungeon (3/15)

Altars:
The Shining One

Annotations:
D:3 Jessica


Message History

Jessica gestures at you while chanting. Pain shoots through your body!
* * * LOW HITPOINT WARNING * * *
You closely miss Jessica.
Jessica is almost dead.
Jessica hits you with a +0 club.
* * * LOW HITPOINT WARNING * * *
Jessica casts a spell at you.
You feel as though you will be slow longer.
Jessica casts a spell.
Jessica blinks!
Unknown command.
Jessica mumbles some strange words.
Jessica blinks!
Jessica mumbles some strange words.
Jessica blinks!
Jessica says, "Why did you come here?"
Jessica points at you and mumbles some strange words.
Pain shoots through your body!
You die...

..#...........#
..............###
.......(......... ##
#.##...........#
......#..../......#
##........@........#####
....#. #..(............#
.##..###...............#
...........@#####.....#
## #. #.......<# ######
...##.##........#
#...........####
#..#..........##
#.......#..##..#
................#
......##....##..#
####..##....##..#


You could see Jessica (fast).

Vanquished Creatures
  3 adders (D:2)
  An ooze (D:1)
  A worm (D:3)
  A dart slug (D:2)
  3 leopard geckos
  2 ball pythons
  5 bats
  2 giant cockroaches
  2 goblins (D:1)
  4 hobgoblins
  A quokka (D:2)
  5 frilled lizards
  5 kobolds
  10 rats
  A bush (D:1)
46 creatures vanquished.

Vanquished Creatures (others)
  5 plants (D:1)
5 creatures vanquished.

Grand Total: 51 creatures vanquished

Notes
Turn   | Place    | Note
-------+----------+-------------------------------------------
     0 | D:1      | Zeld the Hill Orc Monk began the quest for the Orb.
     0 | D:1      | Reached XP level 1. HP: 19/19 MP: 1/1
   298 | D:1      | Reached XP level 2. HP: 10/27 MP: 2/2
  1882 | D:2      | Reached XP level 3. HP: 31/33 MP: 3/3
  2386 | D:2      | Reached skill level 1 in Armour
  2428 | D:2      | Reached XP level 4. HP: 5/40 MP: 4/4
  2436 | D:2      | HP: 2/40 [poisoned by an adder]
  2444 | D:2      | HP: 1/40 [poisoned by an adder]
  2885 | D:2      | Reached skill level 1 in Throwing
  3058 | D:2      | Found a glowing golden altar of the Shining One.
  3237 | D:2      | Found a faded altar of an unknown god.
  3504 | D:3      | Reached skill level 5 in Axes
  3572 | D:3      | Noticed Jessica
  3599 | D:3      | Killed from afar by Jessica

Illustrated notes

Levels and vault maps discovered:
D:1:      onia_arrival_handbag, layout_rooms, serial_forest,
          infiniplex_forest_lined_corner, infiniplex_forest_end_double,
          infiniplex_forest_corner_1, infiniplex_forest_end_3,
          chequers_serial_rivers_micro_e, minmay_misc_feat_chi,
          minmay_curled_crystal
D:2:      kennysheep_big_flooded_room, layout_basic, lemuel_round_altar,
          chequers_ecumenical_altar_simple
D:3:      layout_rooms, nicolae_overflow_hidden_temple,
          hangedman_abyss_or_decor_lesser_grid, grunt_ministairs_8, uniq_jessica

Skill      XL: |  1  2  3  4 |
---------------+-------------+-----
Armour         | 1 |  1.3
Throwing       | 1 |  1.2
Stealth        | 2 |  2.0
Fighting       | 4 |  4.0
Axes           | 5 |  5.0
Dodging        | |  2.7

Action                   |  1- 3 |  4- 6 || total
-------------------------+-------+-------++-------
Melee: Hand axe          |   267 |    62 ||   329
Throw: Dart              |     3 |     1 ||     4
 Stab: Sleeping          |     4 |     2 ||     6
Armor: Robe              |    19 |    10 ||    29
Dodge: Dodged            |    88 |    42 ||   130
